Map: Jagannatha LE

Players

Cham - Winner!

  • Race: Zerg Zerg

Ryu

  • Race: Zerg Zerg

Event: DreamHack SC2 Masters 2021 Winter

VOD

Have the link to the VOD?

Description

Time

  • Played on: Oct. 2, 2021, 3:22 p.m.
  • Length: 9:53

All games in this series

Show
View Real Time Build Order
Export as new Build Order

Cham Zerg - Winner!

Build Orders: Hatch First 

Get SALT Encoding   

  12  0:00  Drone  
  13  0:08  Drone  
  14  0:16  Overlord  
  14  0:35  Drone x2  
  16  0:48  Hatchery  
  15  0:51  Drone  
  15  0:57  Drone  
  17  0:58  Drone  
  18  1:12  Spawning Pool  
  18  1:14  Extractor  
  18  1:17  Drone  
  17  1:20  Drone  
  18  1:29  Drone  
  19  1:40  Drone  
  20  1:50  Drone  
  21  1:59  Queen  
  21  2:00  Queen  
  21  2:01  Zergling x2, Overlord  
  26  2:11  Drone  
  26  2:13  Drone  
  28  2:16  Metabolic Boost  
  28  2:23  Drone x2  
  30  2:36  Hatchery  
  29  2:42  Drone, Baneling Nest  
  29  2:50  Queen  
  31  2:55  Zergling x4  
  31  2:57  Drone  
  34  3:02  Overlord  
  34  3:05  Drone  
  35  3:08  Drone  
  36  3:16  Overlord  
  36  3:20  Drone x2  
  36  3:22  Zergling x4  
  36  3:24  Drone  
  41  3:27  Drone  
  41  3:29  Drone  
  41  3:33  Evolution Chamber  
  42  3:35  Drone  
  42  3:40  Drone  
  44  3:47  Overlord  
  44  3:48  Drone x3  
  47  3:50  Drone  
  47  3:51  Drone  
  47  3:55  Overlord  
  49  3:56  Drone  
  49  3:58  Drone  
  51  4:03  Zerg Ground Armor Level 1  
  51  4:09  Drone x3  
  53  4:13  Roach Warren  
  52  4:19  Overlord  
  52  4:24  Extractor  
  51  4:25  Drone x3, Extractor  
  51  4:26  Drone x2  
  51  4:29  Overlord  
  55  4:34  Overlord  
  55  4:45  Overlord  
  55  4:48  Overlord  
  55  4:53  Roach x7  
  55  4:59  Roach x3  
  75  5:03  Roach x2  
  79  5:18  Zergling x10, Roach x3  
  79  5:20  Zergling x4  
  92  5:23  Zergling x2  
  92  5:27  Lair  
  92  5:28  Zergling x2  
  94  5:30  Zergling x4  
  97  5:35  Zergling x4  
  97  5:36  Zergling x4  
  97  5:38  Zergling x2  
  97  5:41  Baneling x2  
  97  5:42  Zergling x2  
  102  5:44  Drone  
  102  5:47  Drone, Extractor  
  102  5:49  Drone  
  102  5:53  Drone x3  
  101  5:57  Drone x4  
  101  5:58  Drone  
  101  6:00  Drone  
  101  6:03  Drone x2, Extractor  
  108  6:05  Drone, Extractor  
  108  6:08  Drone  
  108  6:14  Drone x2  
  110  6:18  Drone  
  110  6:19  Drone  
  112  6:26  Overlord x2  
  112  6:27  Overlord  
  112  6:28  Spire  
  112  6:30  Spine Crawler  
  110  6:33  Roach  
  110  6:38  Drone, Overlord  
  113  6:45  Drone x2  
  115  6:51  Drone x3  
  115  6:52  Drone  
  115  6:53  Drone  
  117  6:54  Overlord  
  117  6:59  Roach x3  
  117  7:00  Glial Reconstitution  
  121  7:05  Hatchery  
  121  7:06  Zerg Missile Weapons Level 1  
  121  7:07  Overlord  
  120  7:14  Overlord  
  120  7:18  Roach x4  
  120  7:22  Overlord  
  128  7:23  Overlord  
  127  7:40  Mutalisk x2  
  127  7:41  Mutalisk x7  
  127  7:43  Mutalisk  
  145  7:46  Overlord  
  147  7:54  Mutalisk x2  
  147  7:56  Overlord x2  
  151  7:59  Overlord  
  151  8:02  Mutalisk, Extractor  
  151  8:03  Extractor  
  151  8:05  Mutalisk  
  145  8:09  Zergling x10  
  145  8:10  Zergling x2  
  153  8:15  Mutalisk  
  155  8:24  Mutalisk x2  
  153  8:29  Zergling x6  
  153  8:30  Zergling x8  
  150  8:36  Mutalisk x2  
  150  8:38  Zergling x6  
  134  8:49  Mutalisk  
  134  8:53  Zergling x2  
  134  8:54  Zergling x8  
  131  9:00  Mutalisk  
  131  9:01  Mutalisk  
  131  9:02  Zergling x4  
  134  9:08  Mutalisk  
  136  9:15  Spore Crawler x2  
  134  9:18  Mutalisk x3, Spore Crawler  
  134  9:19  Spore Crawler x2  
  134  9:23  Mutalisk, Spore Crawler  
  138  9:25  Zergling x2, Spore Crawler  
  138  9:26  Zergling x4  
Show
View Real Time Build Order
Export as new Build Order

Ryu Zerg 

Build Orders: Hatch First 

Get SALT Encoding   

  12  0:00  Drone  
  13  0:13  Overlord  
  13  0:17  Drone  
  14  0:32  Drone  
  14  0:33  Drone  
  16  0:48  Hatchery  
  15  0:52  Drone  
  15  0:55  Drone  
  17  0:59  Drone  
  17  1:01  Extractor  
  17  1:15  Spawning Pool  
  16  1:18  Drone  
  16  1:21  Drone  
  18  1:29  Drone  
  19  1:40  Drone  
  20  1:52  Overlord  
  20  2:01  Zergling x2  
  20  2:02  Queen x2  
  20  2:05  Metabolic Boost  
  25  2:09  Drone  
  25  2:12  Drone  
  25  2:14  Drone  
  28  2:21  Zergling x2  
  29  2:25  Zergling x2  
  30  2:37  Hatchery  
  30  2:43  Drone x2  
  31  2:54  Drone, Baneling Nest  
  31  2:55  Overlord  
  32  2:58  Drone  
  32  3:05  Drone x3  
  34  3:12  Queen  
  35  3:15  Drone  
  35  3:18  Drone  
  39  3:21  Overlord  
  39  3:23  Drone  
  39  3:25  Drone  
  41  3:32  Zergling x2  
  41  3:33  Evolution Chamber  
  40  3:35  Zergling x2  
  40  3:38  Drone x2  
  44  3:41  Zergling x4  
  44  3:44  Zergling x2  
  44  3:46  Baneling x2  
  46  3:50  Drone x2  
  46  3:55  Drone x3  
  51  3:59  Zerg Missile Weapons Level 1  
  51  4:00  Drone  
  52  4:04  Drone x2  
  52  4:07  Drone x2  
  56  4:11  Extractor  
  56  4:14  Roach Warren  
  54  4:17  Drone  
  54  4:18  Drone x2  
  54  4:23  Lair  
  56  4:24  Drone  
  56  4:28  Overlord  
  57  4:32  Overlord  
  57  4:34  Drone, Extractor  
  57  4:40  Overlord  
  57  4:41  Drone  
  58  4:46  Overlord  
  58  4:47  Drone x2  
  58  4:48  Drone x4  
  58  4:52  Pneumatized Carapace  
  64  4:56  Drone x3  
  67  5:01  Drone x3  
  67  5:05  Drone x3  
  73  5:10  Roach x3  
  79  5:15  Roach x2  
  79  5:16  Roach  
  79  5:21  Spine Crawler  
  83  5:26  Extractor  
  83  5:27  Roach x4  
  90  5:31  Spine Crawler  
  90  5:32  Spine Crawler  
  90  5:34  Overlord  
  88  5:36  Zergling x4  
  89  5:45  Glial Reconstitution  
  89  5:49  Roach  
  90  5:50  Overlord x2  
  90  5:54  Zergling x10  
  93  6:04  Extractor x2  
  93  6:08  Spire  
  93  6:09  Drone x5  
  93  6:10  Drone  
  93  6:11  Overseer  
  93  6:16  Drone x4  
  97  6:24  Drone x2  
  99  6:27  Overlord x2  
  100  6:32  Drone  
  100  6:35  Drone, Overlord  
  100  6:37  Hatchery  
  100  6:42  Drone  
  101  6:52  Roach x2  
  101  6:53  Roach  
  101  6:54  Roach x6  
  109  6:55  Extractor x2  
  95  7:03  Roach x2  
  99  7:10  Baneling  
  99  7:22  Mutalisk x6  
  99  7:23  Mutalisk  
  99  7:27  Mutalisk  
  115  7:36  Drone x3  
  115  7:37  Mutalisk  
  118  7:40  Mutalisk  
  118  7:41  Extractor  
  118  7:43  Hatchery  
  120  7:45  Zerg Flyer Weapons Level 1  
  120  7:48  Zergling x4, Extractor  
  121  7:54  Mutalisk  
  124  8:02  Mutalisk x2  
  124  8:03  Hatchery  
  124  8:05  Drone x3  
  128  8:08  Mutalisk  
  130  8:15  Mutalisk, Extractor  
  130  8:16  Mutalisk  
  132  8:20  Spore Crawler  
  132  8:21  Zergling x20, Spore Crawler  
  132  8:26  Overlord x2  
  134  8:31  Spore Crawler  
  134  8:32  Mutalisk  
  119  8:38  Mutalisk x2  
  119  8:44  Mutalisk x3  
  114  8:51  Drone x3  
  114  8:52  Drone x3  
  105  8:57  Zergling x12  
  105  9:01  Mutalisk  
  110  9:08  Mutalisk x2  
  114  9:12  Zergling x4  
  113  9:17  Mutalisk  
  113  9:22  Mutalisk x2  
  115  9:27  Zergling x4  
  114  9:36  Zergling x10  

Tags
 
Add a new tag
Caveats
  • Supply blocks, unpowered buildings, or Contaminate may cause inaccurate times.
  • Supply counts are checked every 10 seconds.